Edmonton Oilers vs Toronto Maple Leafs
(R1)
Created - Monday, May 5, 2025 at 07:43
Goals
|
| Edmonton Oilers |
4 |
1 |
1 |
6 |
| Toronto Maple Leafs |
0 |
1 |
1 |
2 |
|
Shots
|
| Edmonton Oilers |
12 |
14 |
5 |
31 |
| Toronto Maple Leafs |
12 |
16 |
10 |
38 |
|
1st period
1. Edmonton Oilers , Morgan Barron 7 (Troy Stecher 1) at 1:47
2. Edmonton Oilers , Boone Jenner 24 (David Perron 32, Adrian Kempe 41) at 6:27 (PP)
3. Edmonton Oilers , David Perron 17 (Adrian Kempe 42) at 9:12
4. Edmonton Oilers , Corey Perry 14 (Troy Stecher 2) at 14:59
Penalties :
Troy Terry (TOR) for Holding (Minor) at 6:13, Sam Bennett (TOR) for Tripping (Minor) at 15:43
2nd period
5. Toronto Maple Leafs , Nino Niederreiter 9 (Wyatt Johnston 28, Sam Bennett 19) at 4:13
6. Edmonton Oilers , Jeff Carter 10 (Brock Boeser 29, Jake DeBrusk 17) at 18:34
Penalties :
Jacob Trouba (EDM) for Hooking (Minor) at 5:29, Nino Niederreiter (TOR) for Fighting (Major) at 9:26, Tanner Jeannot (EDM) for Fighting (Major) at 9:26, Aaron Ekblad (TOR) for Hooking (Minor) at 9:48, Nino Niederreiter (TOR) for Fighting (Major) at 19:02, Tanner Jeannot (EDM) for Fighting (Major) at 19:02, Tanner Jeannot (EDM) for instigated a fight (Minor) at 19:02, Tanner Jeannot (EDM) for instigated a fight (10 Minutes Misconduct) at 19:02
3rd period
7. Toronto Maple Leafs , Ryan Pulock 5 (Tomas Hertl 48, Brady Tkachuk 42) at 5:42 (PP)
8. Edmonton Oilers , Adrian Kempe 30 (David Perron 33, Jeff Carter 29) at 8:57 (PP)
Penalties :
Sean Walker (TOR) for Roughing (Minor) at 1:09, Adrian Kempe (EDM) for Hooking (Minor) at 3:59, Brady Tkachuk (TOR) for Tripping (Minor) at 7:57, Scott Mayfield (EDM) for Cross-checking (Minor) at 14:11, Sam Bennett (TOR) for High sticking (Minor) at 16:33
Goalie Stats
Jonathan Quick (EDM), 36 saves from 38 shots - (0.947), W, 10-7-0, 60:00 minutes
Frederik Andersen (TOR), 25 saves from 31 shots - (0.806), L, 11-12-2, 60:00 minutes
Players Stats for Edmonton Oilers
Player Name G A P +/- PIM S H SB GA TA FO MP PP MP PK MP
------------------------------------------------------------------------------------
Adrian Kempe 1 2 3 0 2 2 1 0 0 0 0/4 19:35 4:23 2:46
Boone Jenner 1 0 1 0 0 2 2 2 0 0 8/22 20:42 4:23 3:40
Brandon Carlo 0 0 0 1 0 2 2 0 0 0 0/0 23:39 5:21 3:40
Brock Boeser 0 1 1 1 0 4 3 1 2 0 1/2 21:44 4:47 3:57
Corey Perry 1 0 1 1 0 3 2 0 0 0 1/3 11:20 0:00 0:36
David Perron 1 2 3 0 0 2 2 1 0 0 0/1 21:10 4:23 3:39
David Savard 0 0 0 0 0 1 2 3 1 0 0/0 24:08 3:49 4:41
Dawson Mercer 0 0 0 1 0 3 0 0 1 0 1/5 11:15 0:00 0:44
Derek Ryan 0 0 0 1 0 0 0 1 0 0 1/1 7:06 0:00 0:00
Evan Bouchard 0 0 0 0 0 2 0 3 0 1 0/0 23:26 3:49 3:59
Jacob Trouba 0 0 0 1 2 2 1 1 0 1 0/0 22:25 5:21 2:17
Jake DeBrusk 0 1 1 1 0 3 1 0 1 0 0/0 17:46 4:47 0:03
Jeff Carter 1 1 2 1 0 1 2 0 1 1 6/23 17:43 4:47 0:00
Morgan Barron 1 0 1 1 0 1 2 1 0 0 0/0 8:47 0:00 0:00
Ryan McLeod 0 0 0 1 0 3 0 1 0 0 2/4 7:06 0:00 0:00
Scott Mayfield 0 0 0 2 2 0 0 0 0 0 0/0 12:55 0:00 0:01
Tanner Jeannot 0 0 0 1 22 0 0 1 0 0 0/1 7:57 0:00 0:00
Troy Stecher 0 2 2 2 0 0 0 1 0 0 0/0 13:36 0:00 0:42
Players Stats for Toronto Maple Leafs
Player Name G A P +/- PIM S H SB GA TA FO MP PP MP PK MP
------------------------------------------------------------------------------------
Aaron Ekblad 0 0 0 0 2 1 0 2 0 1 0/0 25:49 4:25 3:21
Andrew Mangiapane 0 0 0 -1 0 1 0 0 0 0 0/1 5:49 0:00 0:00
Brady Tkachuk 0 1 1 -2 2 5 5 0 0 0 2/3 22:21 4:48 4:09
Brandon Saad 0 0 0 -1 0 3 0 0 0 0 0/0 6:28 0:00 0:00
Cody Ceci 0 0 0 -2 0 1 1 0 0 1 0/0 21:31 3:15 4:41
Dougie Hamilton 0 0 0 -1 0 0 2 0 0 1 0/0 11:17 0:00 0:13
Mario Ferraro 0 0 0 -2 0 1 1 1 0 1 0/0 22:07 3:15 4:41
Nick Bjugstad 0 0 0 -1 0 2 1 0 1 1 15/22 20:27 2:52 4:26
Nicolas Roy 0 0 0 -1 0 1 1 0 0 0 1/1 15:37 2:52 0:00
Nino Niederreiter 1 0 1 1 10 1 0 0 0 0 0/0 9:06 0:00 0:00
Quinton Byfield 0 0 0 -1 0 4 2 0 0 0 1/1 15:37 2:52 0:00
Ryan Pulock 1 0 1 0 0 1 4 0 0 0 0/0 27:12 4:25 4:16
Sam Bennett 0 1 1 1 4 1 1 0 0 0 1/1 11:11 0:00 0:00
Scott Laughton 0 0 0 -1 0 0 1 0 0 0 1/1 7:24 0:00 0:35
Sean Walker 0 0 0 -1 2 4 1 0 0 1 0/0 12:15 0:00 1:08
Tomas Hertl 0 1 1 -2 0 6 1 1 0 0 13/19 22:57 4:48 4:44
Troy Terry 0 0 0 -2 2 4 1 2 2 0 4/7 22:47 4:48 4:26
Wyatt Johnston 0 1 1 1 0 2 0 0 0 0 8/10 10:47 0:00 0:00
3 Stars
1 - David Perron (EDM)
2 - Jeff Carter (EDM)
3 - Jonathan Quick (EDM)
Power Play
Edmonton Oilers - 2 on 6 Attempt(s) - 33.33%
Toronto Maple Leafs - 1 on 4 Attempt(s) - 25.00%
Penalty Kill
Edmonton Oilers - 3 on 4 Attempt(s) - 75.00%
- Score 0 goal in Penalty Kill
Toronto Maple Leafs - 4 on 6 Attempt(s) - 66.67%
- Score 0 goal in Penalty Kill
Team Stat
Edmonton Oilers - Hits : 20 - Faceoff Wins : 20 - Blocked Shots : 16 - Penalty Minutes : 28
Toronto Maple Leafs - Hits : 22 - Faceoff Wins : 46 - Blocked Shots : 6 - Penalty Minutes : 22
Official
Referees : Peter Macdougall and Francis Charron
Linesman : Jonathan Deschamps and Ryan Gibbons
Game Notes
1:16 of 2nd period - Toronto Maple Leafs goal is going for a video replay. After video review, No Goal. The puck has been directed, batted or thrown into the net by an attacking player other than with a stick.
1:59 of 2nd period - Edmonton Oilers goal is going for a video replay. After video review, No Goal. The puck has been directed, batted or thrown into the net by an attacking player other than with a stick.
Tanner Jeannot beats up Nino Niederreiter at 9:26 of 2nd period
Tanner Jeannot beats up Nino Niederreiter at 19:02 of 2nd period
Finance
Level 1 -- Attendance: 5507 (91.78%) -- Ticket Income $517,658
Level 2 -- Attendance: 5000 (100.00%) -- Ticket Income $270,000
Level 3 -- Attendance: 2758 (91.93%) -- Ticket Income $91,014
Level 4 -- Attendance: 4645 (92.90%) -- Ticket Income $97,545
Luxury Box -- Attendance: 1000 (100.00%) -- Ticket Income $193,000
Game was played at the Air Canada Centre.
Total Attendance: 18910 (94.55%)
Total Ticket Income: $1,169,217
Other Income: $409,226
Total Income: $1,578,443
Edmonton Oilers
5 vs 5 Forward
Center Left Wing Right Wing Time % Phy DF OF
1 Boone Jenner David Perron Adrian Kempe 30 1 2 2
2 Jeff Carter Jake DeBrusk Brock Boeser 30 1 2 2
3 Dawson Mercer Tanner Jeannot Corey Perry 25 1 2 2
4 Ryan McLeod Morgan Barron Derek Ryan 15 1 2 2
5 vs 5 Defense
Defense Defense Time % Phy DF OF
1 Brandon Carlo Jacob Trouba 35 1 2 2
2 David Savard Evan Bouchard 35 1 2 2
3 Scott Mayfield Troy Stecher 30 1 2 2
4 Brandon Carlo Jacob Trouba 0 1 2 2
PowerPlay Forward
Center Left Wing Right Wing Time % Phy DF OF
1 Boone Jenner David Perron Adrian Kempe 50 1 2 2
2 Jeff Carter Jake DeBrusk Brock Boeser 50 1 2 2
PowerPlay Defense
Defense Defense Time % Phy DF OF
1 Brandon Carlo Jacob Trouba 50 1 2 2
2 David Savard Evan Bouchard 50 1 2 2
Penalty Kill 4 Players Forward
Center Wing Time % Phy DF OF
1 Adrian Kempe Brock Boeser 50 1 2 2
2 Boone Jenner David Perron 50 1 2 2
Penalty Kill 4 Players Defense
Defense Defense Time % Phy DF OF
1 Brandon Carlo Jacob Trouba 50 1 2 2
2 David Savard Evan Bouchard 50 1 2 2
Penalty Kill - 3 Players Forward
Forward Time % Phy DF OF
1 Adrian Kempe 50 1 2 2
2 Brock Boeser 50 1 2 2
Penalty Kill - 3 Players Defense
Defense Defense Time % Phy DF OF
1 Brandon Carlo Jacob Trouba 50 1 2 2
2 David Savard Evan Bouchard 50 1 2 2
4 vs 4 Forward
Center Wing Time % Phy DF OF
1 Adrian Kempe Brock Boeser 50 1 2 2
2 Boone Jenner David Perron 50 1 2 2
4 vs 4 Defense
Defense Defense Time % Phy DF OF
1 Brandon Carlo Jacob Trouba 50 1 2 2
2 David Savard Evan Bouchard 50 1 2 2
Last Minutes Offensive
Center Left Wing Right Wing Defense Defense
Boone Jenner David Perron Adrian Kempe Brandon Carlo Jacob Trouba
Last Minutes Defensive
Center Left Wing Right Wing Defense Defense
Boone Jenner David Perron Adrian Kempe Brandon Carlo Jacob Trouba
Goaltenders
Starting : Jonathan Quick
Backup : Juuse Saros
Extra Forwards
Normal : Morgan Barron, Dawson Mercer, Corey Perry - PP : Morgan Barron, Dawson Mercer - PK : Corey Perry
Extra Defensemen
Normal : Scott Mayfield, Jacob Trouba, David Savard - PP : Scott Mayfield - PK : Brandon Carlo, David Savard
Penalty Shots
Adrian Kempe, Brock Boeser, Boone Jenner, David Perron, Jake DeBrusk
Scratches
Joey Anderson (Healthy), Brett Pesce (Healthy), Rasmus Ristolainen (Healthy), Julien Gauthier (Healthy), Dylan Holloway (Healthy)
Toronto Maple Leafs
5 vs 5 Forward
Center Left Wing Right Wing Time % Phy DF OF
1 Tomas Hertl Brady Tkachuk Troy Terry 30 1 2 2
2 Nick Bjugstad Quinton Byfield Nicolas Roy 30 1 2 2
3 Wyatt Johnston Sam Bennett Nino Niederreiter 25 1 2 2
4 Scott Laughton Brandon Saad Andrew Mangiapane 15 1 2 2
5 vs 5 Defense
Defense Defense Time % Phy DF OF
1 Ryan Pulock Aaron Ekblad 30 1 2 2
2 Cody Ceci Mario Ferraro 30 1 2 2
3 Dougie Hamilton Sean Walker 25 1 2 2
4 Ryan Pulock Aaron Ekblad 15 1 2 2
PowerPlay Forward
Center Left Wing Right Wing Time % Phy DF OF
1 Tomas Hertl Brady Tkachuk Troy Terry 50 1 2 2
2 Nick Bjugstad Quinton Byfield Nicolas Roy 50 1 2 2
PowerPlay Defense
Defense Defense Time % Phy DF OF
1 Ryan Pulock Aaron Ekblad 50 1 2 2
2 Cody Ceci Mario Ferraro 50 1 2 2
Penalty Kill 4 Players Forward
Center Wing Time % Phy DF OF
1 Brady Tkachuk Tomas Hertl 50 1 2 2
2 Troy Terry Nick Bjugstad 50 1 2 2
Penalty Kill 4 Players Defense
Defense Defense Time % Phy DF OF
1 Ryan Pulock Aaron Ekblad 50 1 2 2
2 Cody Ceci Mario Ferraro 50 1 2 2
Penalty Kill - 3 Players Forward
Forward Time % Phy DF OF
1 Brady Tkachuk 50 1 2 2
2 Tomas Hertl 50 1 2 2
Penalty Kill - 3 Players Defense
Defense Defense Time % Phy DF OF
1 Ryan Pulock Aaron Ekblad 50 1 2 2
2 Cody Ceci Mario Ferraro 50 1 2 2
4 vs 4 Forward
Center Wing Time % Phy DF OF
1 Brady Tkachuk Tomas Hertl 50 1 2 2
2 Troy Terry Nick Bjugstad 50 1 2 2
4 vs 4 Defense
Defense Defense Time % Phy DF OF
1 Ryan Pulock Aaron Ekblad 50 1 2 2
2 Cody Ceci Mario Ferraro 50 1 2 2
Last Minutes Offensive
Center Left Wing Right Wing Defense Defense
Tomas Hertl Brady Tkachuk Troy Terry Ryan Pulock Aaron Ekblad
Last Minutes Defensive
Center Left Wing Right Wing Defense Defense
Tomas Hertl Brady Tkachuk Troy Terry Ryan Pulock Aaron Ekblad
Goaltenders
Starting : Frederik Andersen
Backup : Cam Talbot
Extra Forwards
Normal : Wyatt Johnston, Sam Bennett, Scott Laughton - PP : Wyatt Johnston, Sam Bennett - PK : Scott Laughton
Extra Defensemen
Normal : Dougie Hamilton, Sean Walker, Cody Ceci - PP : Dougie Hamilton - PK : Sean Walker, Cody Ceci
Penalty Shots
Brady Tkachuk, Tomas Hertl, Troy Terry, Nick Bjugstad, Wyatt Johnston
Scratches
Bowen Byram (Healthy), Kyle Okposo (Healthy), Warren Foegele (Healthy), Luke Schenn (Healthy), Pierre Engvall (Healthy)
% Time on Ice - Edmonton Oilers
Lines # - Real PCT - Wanted PCT - Time Play
Normal Forward
1 - 29% - 30% - 12:27
2 - 30% - 30% - 13:06
3 - 24% - 25% - 10:31
4 - 16% - 15% - 7:06
Normal Defense
1 - 34% - 35% - 14:53
2 - 36% - 35% - 15:38
3 - 29% - 30% - 12:39
4 - 0% - 0% - 0:00
PP Forward
1 - 48% - 50% - 4:23
2 - 52% - 50% - 4:47
PP Defense
1 - 58% - 50% - 5:21
2 - 42% - 50% - 3:49
PK Forward
1 - 52% - 50% - 3:57
2 - 48% - 50% - 3:43
PK Defense
1 - 48% - 50% - 3:41
2 - 52% - 50% - 3:59
PK3 Forward
1 - 0% - 50%
2 - 0% - 50%
PK3 Defense
1 - 0% - 50%
2 - 0% - 50%
44 Forward
1 - 0% - 50%
2 - 0% - 50%
44 Defense
1 - 0% - 50%
2 - 0% - 50%
Last Minute Offensive - 0:00
Last Minute Defensive - 0:00
Total
Forward - 60:00
Defense - 60:00
|
% Time on Ice - Toronto Maple Leafs
Lines # - Real PCT - Wanted PCT - Time Play
Normal Forward
1 - 31% - 30% - 13:25
2 - 30% - 30% - 13:09
3 - 25% - 25% - 10:47
4 - 13% - 15% - 5:49
Normal Defense
1 - 31% - 30% - 13:35
2 - 31% - 30% - 13:35
3 - 26% - 25% - 11:04
4 - 11% - 15% - 4:56
PP Forward
1 - 63% - 50% - 4:48
2 - 37% - 50% - 2:52
PP Defense
1 - 58% - 50% - 4:25
2 - 42% - 50% - 3:15
PK Forward
1 - 52% - 50% - 4:44
2 - 48% - 50% - 4:26
PK Defense
1 - 49% - 50% - 4:29
2 - 51% - 50% - 4:41
PK3 Forward
1 - 0% - 50%
2 - 0% - 50%
PK3 Defense
1 - 0% - 50%
2 - 0% - 50%
44 Forward
1 - 0% - 50%
2 - 0% - 50%
44 Defense
1 - 0% - 50%
2 - 0% - 50%
Last Minute Offensive - 0:00
Last Minute Defensive - 0:00
Total
Forward - 60:00
Defense - 60:00
|
Play-by-Play
1st period
0:01 of 1st period - Tomas Hertl wins face-off versus Boone Jenner in neutral zone.
0:12 of 1st period - Snap shot by Adrian Kempe.
0:12 of 1st period - Shot Misses the Net.
0:14 of 1st period - Slapshot by Jacob Trouba.
0:14 of 1st period - Stopped by Frederik Andersen with a rebound.
1:16 of 1st period - Backhand shot by Andrew Mangiapane.
1:16 of 1st period - Stopped by Jonathan Quick without a rebound.
1:17 of 1st period - Boone Jenner wins face-off versus Andrew Mangiapane in Edmonton Oilers zone.
1:47 of 1st period - Wrist shot by Morgan Barron.
1:47 of 1st period - Goal by Morgan Barron - Edmonton Oilers : 1 - Toronto Maple Leafs : 0.
1:48 of 1st period - Nick Bjugstad wins face-off versus Jeff Carter in neutral zone.
1:53 of 1st period - Snap shot by Quinton Byfield.
1:53 of 1st period - Stopped by Jonathan Quick with a rebound.
2:13 of 1st period - Tanner Jeannot is hit by Brady Tkachuk and loses puck.
2:20 of 1st period - Snap shot by Troy Terry.
2:20 of 1st period - Shot Misses the Net.
2:22 of 1st period - Slapshot by Cody Ceci.
2:22 of 1st period - Shot Blocked by David Savard.
2:24 of 1st period - Snap shot by Brady Tkachuk.
2:24 of 1st period - Shot Blocked by David Savard.
2:36 of 1st period - Slapshot by David Perron.
2:36 of 1st period - Stopped by Frederik Andersen without a rebound.
2:37 of 1st period - Wyatt Johnston wins face-off versus Boone Jenner in Toronto Maple Leafs zone.
2:37 of 1st period - Wyatt Johnston is hit by Boone Jenner.
2:43 of 1st period - Snap shot by Sam Bennett.
2:43 of 1st period - Deflect By Wyatt Johnston.
2:43 of 1st period - Stopped by Jonathan Quick without a rebound.
2:44 of 1st period - Derek Ryan wins face-off versus Nick Bjugstad in Edmonton Oilers zone.
3:16 of 1st period - Snap shot by Brock Boeser.
3:16 of 1st period - Deflect By Jeff Carter.
3:16 of 1st period - Shot Misses the Net.
3:16 of 1st period - Puck is out of play.
3:17 of 1st period - Sam Bennett wins face-off versus Jeff Carter in Toronto Maple Leafs zone.
3:42 of 1st period - Tomas Hertl is hit by Corey Perry and loses puck.
3:47 of 1st period - Wrist shot by Dawson Mercer.
3:47 of 1st period - Shot Misses the Net.
3:49 of 1st period - Snap shot by Dawson Mercer.
3:49 of 1st period - Stopped by Frederik Andersen with a rebound.
3:51 of 1st period - Wrist shot by Brandon Carlo.
3:51 of 1st period - Stopped by Frederik Andersen without a rebound.
3:52 of 1st period - Nick Bjugstad wins face-off versus Boone Jenner in Toronto Maple Leafs zone.
4:49 of 1st period - Snap shot by Troy Terry.
4:49 of 1st period - Shot Misses the Net.
4:51 of 1st period - Backhand shot by Aaron Ekblad.
4:51 of 1st period - Stopped by Jonathan Quick with a rebound.
5:03 of 1st period - Wrist shot by Jake DeBrusk.
5:03 of 1st period - Shot Misses the Net.
5:29 of 1st period - Backhand shot by Quinton Byfield.
5:29 of 1st period - Shot Hit the Post.
6:05 of 1st period - Jake DeBrusk is hit by Tomas Hertl and loses puck.
6:13 of 1st period - Minor Penalty to Troy Terry for Holding.
6:14 of 1st period - Boone Jenner wins face-off versus Brady Tkachuk in Toronto Maple Leafs zone.
6:27 of 1st period - Wrist shot by Boone Jenner.
6:27 of 1st period - Goal by Boone Jenner - Edmonton Oilers : 2 - Toronto Maple Leafs : 0.
6:28 of 1st period - Nick Bjugstad wins face-off versus Boone Jenner in neutral zone.
7:18 of 1st period - Jacob Trouba is hit by Scott Laughton and loses puck.
7:41 of 1st period - Derek Ryan is hit by Sam Bennett and loses puck.
8:00 of 1st period - Backhand shot by Brady Tkachuk.
8:00 of 1st period - Stopped by Jonathan Quick without a rebound.
8:01 of 1st period - Boone Jenner wins face-off versus Tomas Hertl in Edmonton Oilers zone.
8:12 of 1st period - Slapshot by Tomas Hertl.
8:12 of 1st period - Stopped by Jonathan Quick with a rebound.
8:14 of 1st period - Slapshot by Aaron Ekblad.
8:14 of 1st period - Shot Misses the Net.
8:16 of 1st period - Snap shot by Tomas Hertl.
8:16 of 1st period - Stopped by Jonathan Quick without a rebound.
8:17 of 1st period - Jeff Carter wins face-off versus Nick Bjugstad in Edmonton Oilers zone.
8:28 of 1st period - Evan Bouchard is hit by Ryan Pulock and loses puck.
9:12 of 1st period - Wrist shot by David Perron.
9:12 of 1st period - Goal by David Perron - Edmonton Oilers : 3 - Toronto Maple Leafs : 0.
9:13 of 1st period - Nick Bjugstad wins face-off versus Jeff Carter in neutral zone.
9:16 of 1st period - Jeff Carter is hit by Nicolas Roy and loses puck.
10:20 of 1st period - Snap shot by Wyatt Johnston.
10:20 of 1st period - Stopped by Jonathan Quick with a rebound.
10:51 of 1st period - Off-side.
10:52 of 1st period - Tomas Hertl wins face-off versus Jeff Carter in neutral zone.
12:18 of 1st period - Wrist shot by Dawson Mercer.
12:18 of 1st period - Deflect By Corey Perry.
12:18 of 1st period - Stopped by Frederik Andersen with a rebound.
12:20 of 1st period - Slapshot by Corey Perry.
12:20 of 1st period - Shot Misses the Net.
12:58 of 1st period - Wrist shot by Wyatt Johnston.
12:58 of 1st period - Shot Misses the Net.
13:02 of 1st period - Snap shot by Sam Bennett.
13:02 of 1st period - Shot Blocked by David Savard.
13:04 of 1st period - Wrist shot by Sean Walker.
13:04 of 1st period - Stopped by Jonathan Quick without a rebound.
13:05 of 1st period - Tomas Hertl wins face-off versus Tanner Jeannot in Edmonton Oilers zone.
13:18 of 1st period - Snap shot by Brady Tkachuk.
13:18 of 1st period - Shot Blocked by Tanner Jeannot.
13:20 of 1st period - Wrist shot by Troy Terry.
13:20 of 1st period - Stopped by Jonathan Quick with a rebound.
13:22 of 1st period - Snap shot by Tomas Hertl.
13:22 of 1st period - Shot Misses the Net.
13:53 of 1st period - Wrist shot by Adrian Kempe.
13:53 of 1st period - Stopped by Frederik Andersen with a rebound.
14:10 of 1st period - Brandon Saad is hit by Morgan Barron and loses puck.
14:21 of 1st period - Snap shot by Morgan Barron.
14:21 of 1st period - Shot Blocked by Mario Ferraro.
14:39 of 1st period - Snap shot by Jake DeBrusk.
14:39 of 1st period - Shot Blocked by Troy Terry.
14:51 of 1st period - Snap shot by Nicolas Roy.
14:51 of 1st period - Shot Blocked by Troy Stecher.
14:53 of 1st period - Snap shot by Nick Bjugstad.
14:53 of 1st period - Stopped by Jonathan Quick with a rebound.
14:59 of 1st period - Wrist shot by Corey Perry.
14:59 of 1st period - Goal by Corey Perry - Edmonton Oilers : 4 - Toronto Maple Leafs : 0.
15:00 of 1st period - Jeff Carter wins face-off versus Nick Bjugstad in neutral zone.
15:36 of 1st period - Aaron Ekblad is hit by Brandon Carlo and loses puck.
15:43 of 1st period - Minor Penalty to Sam Bennett for Tripping.
15:44 of 1st period - Troy Terry wins face-off versus Brock Boeser in Toronto Maple Leafs zone.
17:43 of 1st period - Penalty to Sam Bennett is over, Sam Bennett is back on ice.
18:22 of 1st period - Slapshot by Corey Perry.
18:22 of 1st period - Shot Misses the Net.
18:34 of 1st period - Snap shot by Sam Bennett.
18:34 of 1st period - Deflect By Nino Niederreiter.
18:34 of 1st period - Shot Misses the Net.
18:34 of 1st period - Puck is out of play.
18:35 of 1st period - Wyatt Johnston wins face-off versus Dawson Mercer in Edmonton Oilers zone.
18:38 of 1st period - Wrist shot by Sam Bennett.
18:38 of 1st period - Stopped by Jonathan Quick without a rebound.
18:39 of 1st period - Wyatt Johnston wins face-off versus Dawson Mercer in Edmonton Oilers zone.
19:29 of 1st period - Slapshot by Adrian Kempe.
19:29 of 1st period - Shot Misses the Net.
19:31 of 1st period - Snap shot by Adrian Kempe.
19:31 of 1st period - Shot Misses the Net.
19:33 of 1st period - Slapshot by David Savard.
19:33 of 1st period - Stopped by Frederik Andersen with a rebound.
19:35 of 1st period - Slapshot by Evan Bouchard.
19:35 of 1st period - Stopped by Frederik Andersen without a rebound.
19:36 of 1st period - Corey Perry wins face-off versus Nick Bjugstad in Toronto Maple Leafs zone.
Goals for this period are 4 for Edmonton Oilers vs 0 for Toronto Maple Leafs.
Shots for this period are 12 for Edmonton Oilers vs 12 for Toronto Maple Leafs.
2nd period
0:01 of 2nd period - Tomas Hertl wins face-off versus Boone Jenner in neutral zone.
0:10 of 2nd period - Wrist shot by Brady Tkachuk.
0:10 of 2nd period - Stopped by Jonathan Quick with a rebound.
0:16 of 2nd period - Brady Tkachuk is hit by David Perron and loses puck.
0:27 of 2nd period - Slapshot by Ryan McLeod.
0:27 of 2nd period - Stopped by Frederik Andersen without a rebound.
0:28 of 2nd period - Ryan McLeod wins face-off versus Nick Bjugstad in Toronto Maple Leafs zone.
0:41 of 2nd period - Slapshot by Quinton Byfield.
0:41 of 2nd period - Stopped by Jonathan Quick with a rebound.
0:53 of 2nd period - Derek Ryan is hit by Ryan Pulock and loses puck.
1:00 of 2nd period - Wrist shot by Brandon Saad.
1:00 of 2nd period - Stopped by Jonathan Quick without a rebound.
1:01 of 2nd period - Tomas Hertl wins face-off versus Jeff Carter in Edmonton Oilers zone.
1:02 of 2nd period - Snap shot by Brady Tkachuk.
1:02 of 2nd period - Stopped by Jonathan Quick without a rebound.
1:03 of 2nd period - Tomas Hertl wins face-off versus Jeff Carter in Edmonton Oilers zone.
1:08 of 2nd period - Wrist shot by Troy Terry.
1:08 of 2nd period - Stopped by Jonathan Quick with a rebound.
1:10 of 2nd period - Slapshot by Brady Tkachuk.
1:10 of 2nd period - Stopped by Jonathan Quick with a rebound.
1:12 of 2nd period - Slapshot by Mario Ferraro.
1:12 of 2nd period - Shot Blocked by Evan Bouchard.
1:14 of 2nd period - Snap shot by Brady Tkachuk.
1:14 of 2nd period - Shot Misses the Net.
1:16 of 2nd period - Slapshot by Cody Ceci.
1:16 of 2nd period - Toronto Maple Leafs goal is going for a video replay.
1:16 of 2nd period - The goal is refused. The puck has been directed, batted or thrown into the net by an attacking player other than with a stick..
1:17 of 2nd period - Quinton Byfield wins face-off versus Boone Jenner in Edmonton Oilers zone.
1:34 of 2nd period - David Savard is hit by Quinton Byfield and loses puck.
1:55 of 2nd period - Slapshot by Jake DeBrusk.
1:55 of 2nd period - Shot Hit the Post.
1:57 of 2nd period - Slapshot by Jeff Carter.
1:57 of 2nd period - Deflect By Jake DeBrusk.
1:57 of 2nd period - Stopped by Frederik Andersen with a rebound.
1:59 of 2nd period - Slapshot by Jeff Carter.
1:59 of 2nd period - Deflect By Brock Boeser.
1:59 of 2nd period - Edmonton Oilers goal is going for a video replay.
1:59 of 2nd period - The goal is refused. The puck has been directed, batted or thrown into the net by an attacking player other than with a stick..
2:00 of 2nd period - Wyatt Johnston wins face-off versus Jeff Carter in Toronto Maple Leafs zone.
2:00 of 2nd period - Wyatt Johnston is hit by Jeff Carter.
2:10 of 2nd period - Snap shot by Brock Boeser.
2:10 of 2nd period - Shot Misses the Net.
2:18 of 2nd period - Ryan Pulock is hit by Brock Boeser and loses puck.
2:59 of 2nd period - Slapshot by Dawson Mercer.
2:59 of 2nd period - Stopped by Frederik Andersen without a rebound.
3:00 of 2nd period - Wyatt Johnston wins face-off versus Boone Jenner in Toronto Maple Leafs zone.
3:00 of 2nd period - Wyatt Johnston is hit by Adrian Kempe.
3:14 of 2nd period - Slapshot by Wyatt Johnston.
3:14 of 2nd period - Shot Misses the Net.
3:26 of 2nd period - Scott Mayfield is hit by Mario Ferraro and loses puck.
3:57 of 2nd period - Wrist shot by Corey Perry.
3:57 of 2nd period - Stopped by Frederik Andersen without a rebound.
3:58 of 2nd period - Boone Jenner wins face-off versus Wyatt Johnston in Toronto Maple Leafs zone.
4:13 of 2nd period - Backhand shot by Nino Niederreiter.
4:13 of 2nd period - Goal by Nino Niederreiter - Edmonton Oilers : 4 - Toronto Maple Leafs : 1.
4:14 of 2nd period - Jeff Carter wins face-off versus Tomas Hertl in neutral zone.
4:21 of 2nd period - Snap shot by Tomas Hertl.
4:21 of 2nd period - Shot Misses the Net.
4:23 of 2nd period - Slapshot by Aaron Ekblad.
4:23 of 2nd period - Shot Blocked by Jacob Trouba.
4:25 of 2nd period - Wrist shot by Troy Terry.
4:25 of 2nd period - Stopped by Jonathan Quick without a rebound.
4:26 of 2nd period - Nick Bjugstad wins face-off versus Jeff Carter in Edmonton Oilers zone.
4:27 of 2nd period - Snap shot by Quinton Byfield.
4:27 of 2nd period - Stopped by Jonathan Quick without a rebound.
4:28 of 2nd period - Nick Bjugstad wins face-off versus Jeff Carter in Edmonton Oilers zone.
4:31 of 2nd period - Slapshot by Nick Bjugstad.
4:31 of 2nd period - Stopped by Jonathan Quick with a rebound.
4:55 of 2nd period - Adrian Kempe is hit by Brady Tkachuk and loses puck.
5:02 of 2nd period - Slapshot by Evan Bouchard.
5:02 of 2nd period - Stopped by Frederik Andersen without a rebound.
5:03 of 2nd period - Wyatt Johnston wins face-off versus Dawson Mercer in Toronto Maple Leafs zone.
5:29 of 2nd period - Minor Penalty to Jacob Trouba for Hooking.
5:30 of 2nd period - Tomas Hertl wins face-off versus Adrian Kempe in Edmonton Oilers zone.
5:55 of 2nd period - Brandon Carlo is hit by Nick Bjugstad and loses puck.
6:35 of 2nd period - Evan Bouchard is hit by Ryan Pulock and loses puck.
7:03 of 2nd period - Brandon Carlo is hit by Brady Tkachuk and loses puck.
7:29 of 2nd period - Penalty to Jacob Trouba is over, Jacob Trouba is back on ice.
7:43 of 2nd period - Off-side.
7:44 of 2nd period - Wyatt Johnston wins face-off versus Ryan McLeod in neutral zone.
8:13 of 2nd period - Snap shot by Andrew Mangiapane.
8:13 of 2nd period - Shot Blocked by Evan Bouchard.
8:15 of 2nd period - Backhand shot by Aaron Ekblad.
8:15 of 2nd period - Shot Misses the Net.
8:37 of 2nd period - Wrist shot by Brock Boeser.
8:37 of 2nd period - Stopped by Frederik Andersen without a rebound.
8:38 of 2nd period - Nick Bjugstad wins face-off versus Jeff Carter in Toronto Maple Leafs zone.
8:52 of 2nd period - Jeff Carter is hit by Quinton Byfield and loses puck.
9:03 of 2nd period - Brandon Carlo is hit by Brady Tkachuk and loses puck.
9:10 of 2nd period - Snap shot by Brady Tkachuk.
9:10 of 2nd period - Shot Misses the Net.
9:23 of 2nd period - Off-side.
9:24 of 2nd period - Dawson Mercer wins face-off versus Wyatt Johnston in neutral zone.
9:26 of 2nd period - Tanner Jeannot beats up Nino Niederreiter.
9:26 of 2nd period - Penalty to Nino Niederreiter for Fighting.
9:26 of 2nd period - Penalty to Tanner Jeannot for Fighting.
9:27 of 2nd period - Nick Bjugstad wins face-off versus David Perron in neutral zone.
9:48 of 2nd period - Minor Penalty to Aaron Ekblad for Hooking.
9:49 of 2nd period - Troy Terry wins face-off versus Jeff Carter in Toronto Maple Leafs zone.
9:49 of 2nd period - Troy Terry is hit by Brock Boeser.
10:32 of 2nd period - Troy Terry is hit by David Savard and loses puck.
10:39 of 2nd period - Snap shot by Adrian Kempe.
10:39 of 2nd period - Deflect By Boone Jenner.
10:39 of 2nd period - Stopped by Frederik Andersen without a rebound.
10:40 of 2nd period - Tomas Hertl wins face-off versus Jeff Carter in Toronto Maple Leafs zone.
11:48 of 2nd period - Penalty to Aaron Ekblad is over, Aaron Ekblad is back on ice.
11:49 of 2nd period - Ryan Pulock is hit by Brock Boeser and loses puck.
12:37 of 2nd period - Slapshot by Nicolas Roy.
12:37 of 2nd period - Stopped by Jonathan Quick with a rebound.
12:47 of 2nd period - Snap shot by Adrian Kempe.
12:47 of 2nd period - Shot Misses the Net.
13:17 of 2nd period - Nick Bjugstad is hit by Jacob Trouba and loses puck.
13:38 of 2nd period - Jeff Carter is hit by Ryan Pulock and loses puck.
13:49 of 2nd period - Boone Jenner is hit by Sean Walker and loses puck.
14:57 of 2nd period - Cody Ceci is hit by Corey Perry and loses puck.
15:10 of 2nd period - Snap shot by Ryan McLeod.
15:10 of 2nd period - Stopped by Frederik Andersen with a rebound.
15:50 of 2nd period - Corey Perry is hit by Dougie Hamilton and loses puck.
16:03 of 2nd period - Snap shot by Ryan McLeod.
16:03 of 2nd period - Stopped by Frederik Andersen with a rebound.
16:05 of 2nd period - Slapshot by Derek Ryan.
16:05 of 2nd period - Shot Blocked by Troy Terry.
16:07 of 2nd period - Wrist shot by Ryan McLeod.
16:07 of 2nd period - Shot Misses the Net.
16:29 of 2nd period - Snap shot by Wyatt Johnston.
16:29 of 2nd period - Shot Hit the Post.
16:31 of 2nd period - Wrist shot by Brandon Saad.
16:31 of 2nd period - Stopped by Jonathan Quick with a rebound.
16:33 of 2nd period - Snap shot by Brandon Saad.
16:33 of 2nd period - Stopped by Jonathan Quick without a rebound.
16:34 of 2nd period - Scott Laughton wins face-off versus Dawson Mercer in Edmonton Oilers zone.
17:06 of 2nd period - Snap shot by Brock Boeser.
17:06 of 2nd period - Stopped by Frederik Andersen with a rebound.
17:18 of 2nd period - Snap shot by Troy Terry.
17:18 of 2nd period - Shot Misses the Net.
17:20 of 2nd period - Slapshot by Sean Walker.
17:20 of 2nd period - Stopped by Jonathan Quick with a rebound.
17:22 of 2nd period - Snap shot by Tomas Hertl.
17:22 of 2nd period - Stopped by Jonathan Quick without a rebound.
17:23 of 2nd period - Tomas Hertl wins face-off versus Boone Jenner in Edmonton Oilers zone.
17:49 of 2nd period - Aaron Ekblad is hit by Jeff Carter and loses puck.
18:04 of 2nd period - Slapshot by Tomas Hertl.
18:04 of 2nd period - Shot Blocked by Evan Bouchard.
18:12 of 2nd period - Ryan Pulock is hit by David Savard and loses puck.
18:23 of 2nd period - Aaron Ekblad is hit by Brandon Carlo and loses puck.
18:28 of 2nd period - Slapshot by Jake DeBrusk.
18:28 of 2nd period - Stopped by Frederik Andersen with a rebound.
18:30 of 2nd period - Wrist shot by Brock Boeser.
18:30 of 2nd period - Stopped by Frederik Andersen with a rebound.
18:32 of 2nd period - Snap shot by Jeff Carter.
18:32 of 2nd period - Shot Misses the Net.
18:34 of 2nd period - Backhand shot by Jeff Carter.
18:34 of 2nd period - Goal by Jeff Carter - Edmonton Oilers : 5 - Toronto Maple Leafs : 1.
18:35 of 2nd period - Nicolas Roy wins face-off versus Boone Jenner in neutral zone.
19:02 of 2nd period - Tanner Jeannot beats up Nino Niederreiter.
19:02 of 2nd period - Penalty to Nino Niederreiter for Fighting.
19:02 of 2nd period - Penalty to Tanner Jeannot for Fighting.
19:02 of 2nd period - Penalty to Tanner Jeannot for instigated a fight.
19:02 of 2nd period - Penalty to Tanner Jeannot for instigated a fight.
19:03 of 2nd period - Nick Bjugstad wins face-off versus Boone Jenner in Toronto Maple Leafs zone.
Goals for this period are 1 for Edmonton Oilers vs 1 for Toronto Maple Leafs.
Shots for this period are 14 for Edmonton Oilers vs 16 for Toronto Maple Leafs.
3rd period
0:01 of 3rd period - Tomas Hertl wins face-off versus Adrian Kempe in neutral zone.
0:26 of 3rd period - Quinton Byfield is hit by David Perron and loses puck.
1:02 of 3rd period - Penalty to Tanner Jeannot is over, Corey Perry is send on ice.
1:09 of 3rd period - Minor Penalty to Sean Walker for Roughing.
1:10 of 3rd period - Troy Terry wins face-off versus Jeff Carter in Toronto Maple Leafs zone.
2:34 of 3rd period - Icing by Jake DeBrusk.
2:35 of 3rd period - Troy Terry wins face-off versus Jeff Carter in Edmonton Oilers zone.
3:09 of 3rd period - Penalty to Sean Walker is over, Sean Walker is back on ice.
3:37 of 3rd period - Off-side.
3:38 of 3rd period - Ryan McLeod wins face-off versus Nick Bjugstad in neutral zone.
3:59 of 3rd period - Minor Penalty to Adrian Kempe for Hooking.
4:00 of 3rd period - Tomas Hertl wins face-off versus Corey Perry in Edmonton Oilers zone.
4:02 of 3rd period - Penalty to Tanner Jeannot is over, Dawson Mercer is send on ice.
4:06 of 3rd period - Slapshot by Tomas Hertl.
4:06 of 3rd period - Stopped by Jonathan Quick without a rebound.
4:07 of 3rd period - Brady Tkachuk wins face-off versus Corey Perry in Edmonton Oilers zone.
5:26 of 3rd period - Snap shot by Troy Terry.
5:26 of 3rd period - Stopped by Jonathan Quick with a rebound.
5:28 of 3rd period - Slapshot by Ryan Pulock.
5:28 of 3rd period - Shot Blocked by Brock Boeser.
5:30 of 3rd period - Wrist shot by Brady Tkachuk.
5:30 of 3rd period - Shot Misses the Net.
5:40 of 3rd period - Wrist shot by Tomas Hertl.
5:40 of 3rd period - Stopped by Jonathan Quick with a rebound.
5:42 of 3rd period - Slapshot by Ryan Pulock.
5:42 of 3rd period - Goal by Ryan Pulock - Edmonton Oilers : 5 - Toronto Maple Leafs : 2.
5:43 of 3rd period - Nick Bjugstad wins face-off versus Boone Jenner in neutral zone.
7:04 of 3rd period - Slapshot by Brandon Carlo.
7:04 of 3rd period - Stopped by Frederik Andersen with a rebound.
7:22 of 3rd period - Slapshot by Scott Laughton.
7:22 of 3rd period - Shot Misses the Net.
7:46 of 3rd period - Wrist shot by Ryan McLeod.
7:46 of 3rd period - Shot Misses the Net.
7:57 of 3rd period - Minor Penalty to Brady Tkachuk for Tripping.
7:58 of 3rd period - Jeff Carter wins face-off versus Troy Terry in Toronto Maple Leafs zone.
8:57 of 3rd period - Snap shot by Adrian Kempe.
8:57 of 3rd period - Goal by Adrian Kempe - Edmonton Oilers : 6 - Toronto Maple Leafs : 2.
8:58 of 3rd period - Tomas Hertl wins face-off versus Adrian Kempe in neutral zone.
9:23 of 3rd period - Aaron Ekblad is hit by Morgan Barron and loses puck.
9:32 of 3rd period - Wrist shot by Tomas Hertl.
9:32 of 3rd period - Shot Blocked by Derek Ryan.
9:34 of 3rd period - Snap shot by Dougie Hamilton.
9:34 of 3rd period - Shot Blocked by Ryan McLeod.
9:36 of 3rd period - Slapshot by Sean Walker.
9:36 of 3rd period - Stopped by Jonathan Quick without a rebound.
9:37 of 3rd period - Nick Bjugstad wins face-off versus Jeff Carter in Edmonton Oilers zone.
10:10 of 3rd period - Wrist shot by Dawson Mercer.
10:10 of 3rd period - Deflect By Quinton Byfield.
10:10 of 3rd period - Shot Misses the Net.
10:10 of 3rd period - Puck is out of play.
10:11 of 3rd period - Boone Jenner wins face-off versus Tomas Hertl in Toronto Maple Leafs zone.
10:12 of 3rd period - Wrist shot by David Perron.
10:12 of 3rd period - Shot Blocked by Tomas Hertl.
10:14 of 3rd period - Slapshot by Jacob Trouba.
10:14 of 3rd period - Stopped by Frederik Andersen without a rebound.
10:15 of 3rd period - Tomas Hertl wins face-off versus Adrian Kempe in Toronto Maple Leafs zone.
10:33 of 3rd period - Brady Tkachuk is hit by Boone Jenner and loses puck.
10:42 of 3rd period - Slapshot by Ryan Pulock.
10:42 of 3rd period - Deflect By Brady Tkachuk.
10:42 of 3rd period - Shot Misses the Net.
10:42 of 3rd period - Puck is out of play.
10:43 of 3rd period - Jeff Carter wins face-off versus Nick Bjugstad in Edmonton Oilers zone.
11:08 of 3rd period - Dawson Mercer is hit by Dougie Hamilton and loses puck.
12:03 of 3rd period - Slapshot by Dougie Hamilton.
12:03 of 3rd period - Shot Misses the Net.
12:05 of 3rd period - Snap shot by Sean Walker.
12:05 of 3rd period - Stopped by Jonathan Quick without a rebound.
12:06 of 3rd period - Nick Bjugstad wins face-off versus Ryan McLeod in Edmonton Oilers zone.
12:09 of 3rd period - Snap shot by Quinton Byfield.
12:09 of 3rd period - Shot Blocked by Morgan Barron.
12:32 of 3rd period - Icing by Quinton Byfield.
12:33 of 3rd period - Nick Bjugstad wins face-off versus Jeff Carter in Toronto Maple Leafs zone.
12:41 of 3rd period - Icing by Jake DeBrusk.
12:42 of 3rd period - Jeff Carter wins face-off versus Tomas Hertl in Edmonton Oilers zone.
12:55 of 3rd period - Slapshot by Brock Boeser.
12:55 of 3rd period - Shot Misses the Net.
12:57 of 3rd period - Snap shot by Jake DeBrusk.
12:57 of 3rd period - Stopped by Frederik Andersen without a rebound.
12:58 of 3rd period - Wyatt Johnston wins face-off versus Boone Jenner in Toronto Maple Leafs zone.
13:23 of 3rd period - Brandon Carlo is hit by Troy Terry.
13:43 of 3rd period - David Savard is hit by Brady Tkachuk and loses puck.
13:58 of 3rd period - Snap shot by Tomas Hertl.
13:58 of 3rd period - Stopped by Jonathan Quick with a rebound.
14:02 of 3rd period - 10 Minutes Misconduct Penalty to Tanner Jeannot is over.
14:02 of 3rd period - Slapshot by Brady Tkachuk.
14:02 of 3rd period - Shot Misses the Net.
14:04 of 3rd period - Snap shot by Brady Tkachuk.
14:04 of 3rd period - Stopped by Jonathan Quick without a rebound.
14:05 of 3rd period - Nick Bjugstad wins face-off versus Boone Jenner in Edmonton Oilers zone.
14:11 of 3rd period - Minor Penalty to Scott Mayfield for Cross-checking.
14:12 of 3rd period - Nick Bjugstad wins face-off versus Boone Jenner in Edmonton Oilers zone.
14:14 of 3rd period - Wrist shot by Quinton Byfield.
14:14 of 3rd period - Shot Misses the Net.
14:16 of 3rd period - Wrist shot by Quinton Byfield.
14:16 of 3rd period - Stopped by Jonathan Quick with a rebound.
14:18 of 3rd period - Snap shot by Mario Ferraro.
14:18 of 3rd period - Stopped by Jonathan Quick with a rebound.
14:20 of 3rd period - Snap shot by Quinton Byfield.
14:20 of 3rd period - Shot Blocked by Boone Jenner.
14:22 of 3rd period - Wrist shot by Nicolas Roy.
14:22 of 3rd period - Shot Misses the Net.
14:24 of 3rd period - Slapshot by Cody Ceci.
14:24 of 3rd period - Shot Misses the Net.
14:26 of 3rd period - Snap shot by Nick Bjugstad.
14:26 of 3rd period - Shot Misses the Net.
14:28 of 3rd period - Slapshot by Mario Ferraro.
14:28 of 3rd period - Deflect By Quinton Byfield.
14:28 of 3rd period - Shot Blocked by Boone Jenner.
14:28 of 3rd period - Puck is out of play.
14:29 of 3rd period - Brock Boeser wins face-off versus Tomas Hertl in Edmonton Oilers zone.
14:42 of 3rd period - Wrist shot by Brady Tkachuk.
14:42 of 3rd period - Shot Blocked by David Perron.
16:11 of 3rd period - Penalty to Scott Mayfield is over, Scott Mayfield is back on ice.
16:17 of 3rd period - Slapshot by Dawson Mercer.
16:17 of 3rd period - Stopped by Frederik Andersen with a rebound.
16:19 of 3rd period - Wrist shot by Dawson Mercer.
16:19 of 3rd period - Shot Misses the Net.
16:23 of 3rd period - Slapshot by Dawson Mercer.
16:23 of 3rd period - Shot Misses the Net.
16:25 of 3rd period - Slapshot by Scott Mayfield.
16:25 of 3rd period - Shot Blocked by Aaron Ekblad.
16:27 of 3rd period - Snap shot by Corey Perry.
16:27 of 3rd period - Shot Blocked by Aaron Ekblad.
16:33 of 3rd period - Minor Penalty to Sam Bennett for High sticking.
16:34 of 3rd period - Boone Jenner wins face-off versus Troy Terry in Toronto Maple Leafs zone.
17:32 of 3rd period - Icing by Adrian Kempe.
17:33 of 3rd period - Boone Jenner wins face-off versus Troy Terry in Edmonton Oilers zone.
17:51 of 3rd period - Wrist shot by Evan Bouchard.
17:51 of 3rd period - Shot Misses the Net.
17:53 of 3rd period - Slapshot by Evan Bouchard.
17:53 of 3rd period - Deflect By Brock Boeser.
17:53 of 3rd period - Shot Misses the Net.
17:53 of 3rd period - Puck is out of play.
17:54 of 3rd period - Brady Tkachuk wins face-off versus Jeff Carter in Toronto Maple Leafs zone.
17:54 of 3rd period - Brady Tkachuk is hit by Jake DeBrusk.
18:33 of 3rd period - Penalty to Sam Bennett is over, Sam Bennett is back on ice.
19:08 of 3rd period - Slapshot by Cody Ceci.
19:08 of 3rd period - Shot Misses the Net.
19:22 of 3rd period - Scott Mayfield is hit by Cody Ceci and loses puck.
19:29 of 3rd period - Wrist shot by Nicolas Roy.
19:29 of 3rd period - Shot Misses the Net.
19:42 of 3rd period - Off-side.
19:43 of 3rd period - Boone Jenner wins face-off versus Tomas Hertl in neutral zone.
Goals for this period are 1 for Edmonton Oilers vs 1 for Toronto Maple Leafs.
Shots for this period are 5 for Edmonton Oilers vs 10 for Toronto Maple Leafs.
Back to the Top